[Event "27th CRO-chT 1B-Men 2018"]
[Site "Biograd"]
[Date "2018.09.17"]
[Round "1"]
[White "Bobanac, Miro"]
[Black "Zelic, Mladen"]
[Result "1-0"]
[ECO "A04"]
[WhiteElo "2288"]
[BlackElo "2266"]
[Annotator "ChessBase"]
[PlyCount "41"]
[EventDate "2018.09.15"]
[EventType "team-tourn"]
[EventCountry "CRO"]
[SourceTitle "playchess.com"]
[Source "ChessBase"]
[SourceQuality "1"]
[TimeControl "40/5400+30:1800+30"]

1. Nf3 f5 2. d3 Nf6 3. e4 d6 4. Nc3 Nc6 5. Bg5 e5 6. d4 fxe4 7. dxe5 exf3 8. exf6 gxf6 9. Be3 Bf5 10. Qxf3 Qd7 11. Bb5 Bg7 12. Nd5 O-O {[%clk} 13. Bxc6 bxc6 {]%} 14. Qxf5 {]%} Qf7 {]%} 15. Nf4 {]%} Rfe8 {]%} 16. O-O {[%clk} Rab8 17. b3 {]]c} Rb5 {]]c} 18. Qd3 {]]} Rg5 {]]} 19. Rae1 {]]} Kh8 {]]} 20. Bd4 {]]} Rg8 {]]} 21. g3 {[%emt 1:17:30] [%clk:} 1-0

[Event "27th CRO-chT 1B-Men 2018"]
[Site "Biograd"]
[Date "2018.09.17"]
[Round "1"]
[White "Jusic, Zdenko"]
[Black "Brulic, Denis"]
[Result "1-0"]
[ECO "B27"]
[WhiteElo "2261"]
[BlackElo "2232"]
[Annotator "ChessBase"]
[PlyCount "95"]
[EventDate "2018.09.15"]
[EventType "team-tourn"]
[EventCountry "CRO"]
[SourceTitle "playchess.com"]
[Source "ChessBase"]
[SourceQuality "1"]
[TimeControl "40/5400+30:1800+30"]

1. e4 c5 2. Nf3 g6 3. c3 Bg7 4. d4 cxd4 5. cxd4 d5 6. e5 Nc6 7. h3 e6 8. Nc3 Nge7 9. g4 f6 10. exf6 Bxf6 11. Be3 O-O 12. Bg2 Qd6 13. O-O Bd7 14. Qd2 Bg7 15. Rfe1 Kh8 16. Bh6 Rf7 17. Bxg7+ Kxg7 18. Re3 Raf8 19. Ne2 h6 20. Ng3 Rf4 21. a3 Qc7 22. b4 Qb6 23. Ne2 R4f6 24. Rc1 Nc8 25. Rc5 Nd6 26. Ne5 Be8 27. f4 a6 28. Qe1 Nb5 29. Nxc6 Bxc6 30. Qh4 Qd8 31. g5 hxg5 32. fxg5 R6f7 33. Qh6+ Kg8 34. Qxg6+ Kh8 35. Qh5+ Rh7 36. Qg4 Bd7 37. Qg3 Rf5 38. h4 b6 39. Rc1 e5 40. Rxe5 Re7 41. Nf4 Rexe5 42. dxe5 Nd4 43. Re1 b5 44. e6 Be8 45. Kh2 Nc2 46. Bh3 Rxf4 47. Qxf4 Nxe1 48. Qf8+ 1-0

[Event "27th CRO-chT 1B-Men 2018"]
[Site "Biograd"]
[Date "2018.09.15"]
[Round "1.5"]
[White "Vujakovic, Branko"]
[Black "Trbojevic, Mladen"]
[Result "1-0"]
[ECO "C84"]
[WhiteElo "2340"]
[BlackElo "2353"]
[Annotator "ChessBase"]
[PlyCount "33"]
[EventDate "2018.09.15"]
[EventType "team-tourn"]
[EventCountry "CRO"]
[SourceTitle "playchess.com"]
[Source "ChessBase"]
[SourceQuality "1"]
[TimeControl "40/5400+30:1800+30"]

1. e4 e5 2. Nf3 Nc6 3. Bb5 a6 4. Ba4 Nf6 5. d4 exd4 6. O-O Be7 7. e5 Ne4 8. Nxd4 O-O 9. Re1 Nxd4 10. Qxd4 Nc5 11. Nc3 Nxa4 12. Qxa4 d5 13. exd6 Bxd6 14. Bf4 Bf5 15. Bxd6 Qxd6 16. Rad1 Bd7 17. Qxd7 1-0

[Event "27th CRO-chT 1B-Men 2018"]
[Site "Biograd"]
[Date "2018.09.15"]
[Round "1.6"]
[White "Horvat, David"]
[Black "Blazeka, Matej"]
[Result "0-1"]
[ECO "C42"]
[WhiteElo "2212"]
[BlackElo "2354"]
[Annotator "NA"]
[PlyCount "96"]
[EventDate "2018.09.15"]
[EventType "team-tourn"]
[EventCountry "CRO"]
[SourceTitle "playchess.com"]
[Source "ChessBase"]
[SourceQuality "1"]
[TimeControl "40/5400+30:1800+30"]

1. e4 e5 2. Nf3 Nf6 3. Nxe5 d6 4. Nf3 Nxe4 5. Nc3 Nxc3 6. dxc3 Be7 7. Be3 O-O 8. Qd2 {[%emt 0:00:30] C42: Petroff Defence: 3 Nxe5 and unusual White 3rd moves} Nd7 9. O-O-O b6 (9... c6 10. h4 d5 11. Kb1 Nf6 12. Bd3 Re8 13. Ng5 h6 14. f3 c5 15. g4 c4 {1-0 (28) Aronian,L (2767)-Anand,V (2768) Saint Louis 2018}) 10. h4 Bb7 11. h5 Nc5 12. Nd4 $146 ({Predecessor:} 12. Kb1 Bf6 13. h6 g6 14. Ng5 Re8 15. f4 d5 {1-0 (42) Sargsyan,S (2472)-Martirosyan,G (2145) Yerevan 2018}) 12... Ne4 13. Qe1 Bg5 14. f4 Bf6 15. Bb5 Qc8 16. h6 g6 17. g4 c5 18. Ne2 Qxg4 19. Kb1 a6 20. Bd3 Rfe8 21. Bc1 d5 22. Qf1 c4 23. Rg1 cxd3 24. Rxg4 dxe2 25. Qg1 exd1=Q 26. Qxd1 Nf2 27. Qg1 Nxg4 28. Qxg4 Bc8 29. Qg1 b5 30. a3 Bf5 31. Be3 Re4 32. Bd4 Rae8 33. Ka2 Bxd4 34. cxd4 f6 35. Qg2 Rxd4 36. Qf2 Rde4 37. Qa7 R4e7 38. Qxa6 Bxc2 39. Qxb5 Bf5 40. Qb6 Be6 41. Qd4 Kf7 42. a4 Rb7 43. b4 Rc8 44. f5 gxf5 45. b5 Rc4 46. Qg1 Rxa4+ 47. Kb3 Rg4 48. Qc5 Rc4 0-1

[Event "27th CRO-chT 1B-Men 2018"]
[Site "Biograd"]
[Date "2018.09.15"]
[Round "1.9"]
[White "Muha, Miljenko"]
[Black "Dabo-Peranic, Robert"]
[Result "0-1"]
[ECO "A09"]
[WhiteElo "2364"]
[BlackElo "2284"]
[Annotator "ChessBase"]
[PlyCount "86"]
[EventDate "2018.09.15"]
[EventType "team-tourn"]
[EventCountry "CRO"]
[SourceTitle "playchess.com"]
[Source "ChessBase"]
[SourceQuality "1"]
[TimeControl "40/5400+30:1800+30"]

1. Nf3 d5 2. c4 d4 3. g3 Nc6 4. Bg2 e5 5. d3 Bb4+ 6. Bd2 a5 7. O-O Bxd2 8. Nbxd2 Nf6 9. a3 a4 10. b4 axb3 11. Qxb3 O-O 12. Rfe1 Nd7 13. Qb2 Nc5 14. Nb3 Nxb3 15. Qxb3 Ra7 16. Qb2 Qd6 17. Ng5 Bf5 18. Ne4 Bxe4 19. Bxe4 Nd8 20. e3 Ne6 21. f4 exf4 22. exf4 Nc5 23. Qe2 c6 24. Bg2 Rfa8 25. Bf1 h6 26. Qb2 g6 27. Re5 Ra4 28. Rae1 Rxa3 29. Qb4 R3a5 30. Re8+ Kg7 31. Rxa8 Rxa8 32. Re5 b6 33. Qxb6 Nd7 34. Qb7 Rb8 35. c5 Qxe5 36. Qxd7 Qe3+ 37. Kg2 Rb2+ 38. Kh3 Qf2 39. Kg4 Qxh2 40. Qxd4+ Kh7 41. Kf3 Qh1+ 42. Ke3 Rb7 43. Kf2 Rb1 0-1

[Event "27th CRO-chT 1B-Men 2018"]
[Site "Biograd"]
[Date "2018.09.15"]
[Round "1.10"]
[White "Martic, Zlatko"]
[Black "Ivic, Mateo"]
[Result "1-0"]
[ECO "E71"]
[WhiteElo "2244"]
[BlackElo "2223"]
[Annotator "NA"]
[PlyCount "49"]
[EventDate "2018.09.15"]
[EventType "team-tourn"]
[EventCountry "CRO"]
[SourceTitle "playchess.com"]
[Source "ChessBase"]
[SourceQuality "1"]
[TimeControl "40/5400+30:1800+30"]

1. d4 Nf6 2. c4 g6 3. Nc3 Bg7 4. e4 d6 5. h3 O-O 6. Be3 c5 7. dxc5 Qa5 8. Bd3 dxc5 9. e5 Nfd7 10. f4 Nb6 11. Bd2 N6d7 12. Nf3 Nc6 13. O-O Qd8 14. Be3 Qa5 15. Qe2 Rd8 16. Bd2 e6 17. Ng5 Qb6 18. b3 a6 19. Rad1 Qc7 20. Nce4 Ndxe5 21. fxe5 Nxe5 22. Bf4 f5 23. Nf2 h6 24. Nxe6 Bxe6 25. Rfe1 1-0

[Event "27th CRO-chT 1B-Men 2018"]
[Site "Biograd"]
[Date "2018.09.15"]
[Round "1.12"]
[White "Matanovic, Luka"]
[Black "Curic, Drazen"]
[Result "1-0"]
[ECO "B03"]
[WhiteElo "2252"]
[BlackElo "2133"]
[Annotator "NA"]
[PlyCount "73"]
[EventDate "2018.09.15"]
[EventType "team-tourn"]
[EventCountry "CRO"]
[SourceTitle "playchess.com"]
[Source "ChessBase"]
[SourceQuality "1"]
[TimeControl "40/5400+30:1800+30"]

1. e4 Nf6 2. e5 Nd5 3. d4 d6 4. c4 Nb6 5. exd6 cxd6 6. Nc3 g6 7. Be3 Bg7 8. Rc1 O-O 9. b3 Nc6 10. d5 Ne5 11. Be2 f5 12. Nf3 Nxf3+ 13. Bxf3 Nd7 14. O-O Ne5 15. Nb5 f4 16. Bxa7 Bd7 17. Bd4 Bxb5 18. cxb5 Nxf3+ 19. gxf3 Rf5 20. Bxg7 Kxg7 21. Qd4+ Kh6 22. a4 e5 23. dxe6 Qh4 24. Rc7 Re5 25. Rf7 Rf8 26. Kh1 Rxf7 27. exf7 Rf5 28. Rg1 Rxf7 29. Rg4 Qh3 30. Qd1 Rf5 31. Kg1 Rh5 32. Qxd6 Qxh2+ 33. Kf1 Rf5 34. Qe7 Qh1+ 35. Ke2 Qa1 36. Rh4+ Rh5 37. Qf8+ 1-0

[Event "27th CRO-chT 1B-Men 2018"]
[Site "Biograd"]
[Date "2018.09.15"]
[Round "1.16"]
[White "Mathe, Gaspar"]
[Black "Vlaic, Branko"]
[Result "*"]
[ECO "B12"]
[WhiteElo "2308"]
[BlackElo "2246"]
[Annotator "NA"]
[PlyCount "74"]
[EventDate "2018.09.15"]
[EventType "team-tourn"]
[EventCountry "CRO"]
[SourceTitle "playchess.com"]
[Source "ChessBase"]
[SourceQuality "1"]
[TimeControl "40/5400+30:1800+30"]

1. e4 {[%emt 0:00:30] ]} c6 {[%emt 0:00:30] ]} 2. d4 {[%emt 0:00:30] ]} d5 {[%emt 0:00:00] ]} 3. e5 {[%emt 0:00:30] ]} c5 {[%emt 0:00:00] ]} 4. c3 {[%emt 0:01:30] ]} Nc6 {[%emt 0:00:30] ]} 5. Ne2 {[%emt 0:01:30] ]} Bg4 {[%emt 0:01:30] ] B12: Caro-Kann: Advance Variation} 6. Be3 {[%emt 0:02:30] ]} (6. h3 Bxe2 7. Bxe2 e6 8. O-O Qb6 9. dxc5 Bxc5 10. b4 Be7 11. Be3 Qc7 12. f4 Nh6 13. Na3 {½-½ (44) Vachier Lagrave,M (2795)-Anand,V (2786) Stavanger 2017}) 6... e6 {[%emt 0:02:30] ]} 7. f3 {[%emt 0:01:30] ]]} cxd4 {[%emt 0:00:30] ]]} 8. cxd4 {[%emt 0:02:30] ]]} Bb4+ {[%emt 0:00:30] ]]} 9. Nbc3 {[%emt 0:00:30] ]]} Bf5 {[%emt 0:01:30] ]]} 10. a3 $146 {[%emt 0:01:30] ]]} ({Predecessor:} 10. g4 Bg6 11. a3 Bxc3+ 12. Nxc3 Nge7 13. Rc1 {1-0 (30) Albers,D (2091)-Bramkamp,R (2115) Dortmund 2011}) 10... Ba5 {[%emt 0:00:30] ]]} 11. Ng3 {[%emt 0:05:30] ]]} Bg6 {[%emt 0:00:30] ]]} 12. Kf2 {[%emt 0:03:30] ]} Nge7 {[%emt 0:01:30] ]]} 13. h4 {[%emt 0:03:30] ]]} h5 {[%emt 0:11:30] ]]} 14. Nce2 {[%emt 0:00:30] ]]} Nf5 {[%emt 0:04:30] ]]} 15. Nxf5 {[%emt 0:01:30] ]]} Bxf5 {[%emt 0:00:30] ]]} 16. Nf4 {[%emt 0:02:30] ]]} Rc8 {[%emt 0:00:30] ]} 17. Bd3 {[%emt 0:07:30] ]} Bxd3 {[%emt 0:03:30] ]} 18. Qxd3 {[%emt 0:00:30] ]]} Bb6 {[%emt 0:00:30] ]]} 19. Rh3 {[%emt 0:02:30] ]]} Ne7 {[%emt 0:00:30] ]]} 20. g4 {[%emt 0:06:30] ]]} hxg4 {[%emt 0:05:30] ]]} 21. fxg4 {[%emt 0:00:30] ]} Qd7 {[%emt 0:00:30] ]]} 22. h5 {[%emt 0:06:30] ]]} Rc6 {[%emt 0:03:30] ]]} 23. h6 $14 {[%emt 0:02:30] ]]} g6 {[%emt 0:02:30] ]]} 24. Ne2 {[%emt 0:00:30] ]]} Qc8 {[%emt 0:00:30] ]]} 25. h7 {[%emt 0:01:30] ]]} g5 {[%emt 0:05:30] ]]} 26. Bxg5 {[%emt 0:00:30] ]]} Ng6 {[%emt 0:00:00] ]]} 27. Be3 {[%emt 0:10:30] ]]} Rc2 {[%emt 0:05:00] ]]} 28. Rh6 {[%emt 0:05:30] ]]} Qc4 {[%emt 0:01:30] ]} 29. Qxc4 {[%emt 0:01:30] ]]} dxc4 {[%emt 0:00:30] ]]} 30. Rc1 {[%emt 0:03:30] ]]} Rxb2 {[%emt 0:00:30] ]]} 31. Rxc4 {[%emt 0:00:30] ]]} Kd7 {[%emt 0:00:30] ]]} 32. Kf3 {[%emt 0:02:30] ]} Nf8 {[%emt 0:00:30] [%clk 0:49] 3]} 33. Rc1 {[%emt 0:03:55] k [%clk 0:18:16] 0} Rxh7 34. Rxh7 Nxh7 35. Rh1 Nf8 36. Nf4 Rb3 37. Ke4 Bd8 *

[Event "27th CRO-chT 1B-Men 2018"]
[Site "Biograd"]
[Date "2018.09.15"]
[Round "1.17"]
[White "Malenica, Mario"]
[Black "Vrban, Mladen"]
[Result "*"]
[ECO "A21"]
[WhiteElo "2212"]
[BlackElo "2280"]
[Annotator "NA"]
[PlyCount "36"]
[EventDate "2018.09.15"]
[EventType "team-tourn"]
[EventCountry "CRO"]
[SourceTitle "playchess.com"]
[Source "ChessBase"]
[SourceQuality "1"]
[TimeControl "40/5400+30:1800+30"]

1. c4 {[%emt 0:00:30] .5} f5 {[%emt 0:03:30] .5} 2. Nc3 {[%emt 0:00:30] .5} Nf6 {[%emt 0:00:30] .} 3. Nf3 {[%emt 0:01:30] ..} d6 {[%emt 0:00:00] ..} 4. d3 {[%emt 0:02:30] ..} e5 {[%emt 0:01:00] .} 5. g3 {[%emt 0:01:30] ..} g6 {[%emt 0:05:30] ..} 6. Bg2 {[%emt 0:03:30] ..} Bg7 {[%emt 0:01:30] ..} 7. O-O {[%emt 0:03:30] ..} O-O {[%emt 0:00:30] ..} 8. Bg5 {[%emt 0:04:30] ..} h6 {[%emt 0:00:30] ..} 9. Bxf6 {[%emt 0:00:30] ..} Qxf6 {[%emt 0:00:30] ..} 10. Rb1 {[%emt 0:07:30] .} c6 {[%emt 0:06:30] ..} 11. Nd2 {[%emt 0:03:30] ..} Be6 {[%emt 0:15:30] ..} 12. Na4 {[%emt 0:21:30] ..} Nd7 {[%emt 0:01:30] ..} 13. b4 {[%emt 0:02:30] ..} Rab8 {[%emt 0:02:30] ..} 14. b5 $11 {[%emt 0:09:30] ..} c5 {[%emt 0:08:30] ..} 15. Nc3 {[%emt 0:07:30] ..} Nb6 {[%emt 0:07:30] ..} 16. Nd5 {[%emt 0:03:30] [%clk 0:20] 3 [%clk 0:18:57] [%clk 0:18.27]} Qf7 17. Qb3 Kh7 18. a4 Nc8 *

[Event "27th CRO-chT 1B-Men 2018"]
[Site "Biograd"]
[Date "2018.09.15"]
[Round "1.18"]
[White "Matijevic, Hrvoje"]
[Black "Grgurevic, Boris"]
[Result "1/2-1/2"]
[ECO "A42"]
[WhiteElo "2228"]
[BlackElo "2145"]
[Annotator "NA"]
[PlyCount "23"]
[EventDate "2018.09.15"]
[EventType "team-tourn"]
[EventCountry "CRO"]
[SourceTitle "playchess.com"]
[Source "ChessBase"]
[SourceQuality "1"]
[TimeControl "40/5400+30:1800+30"]

1. d4 g6 2. c4 Bg7 3. Nc3 d6 4. e4 Nc6 5. Be3 e5 6. d5 Nd4 7. Nge2 Nxe2 8. Bxe2 Ne7 9. Qd2 f5 10. f3 O-O 11. O-O-O Bd7 12. c5 1/2-1/2

[Event "27th CRO-chT 1B-Men 2018"]
[Site "Biograd"]
[Date "2018.09.15"]
[Round "1.21"]
[White "Maier, Christian"]
[Black "Mufic, Goran"]
[Result "*"]
[ECO "A08"]
[WhiteElo "2357"]
[BlackElo "2254"]
[Annotator "NA"]
[PlyCount "40"]
[EventDate "2018.09.15"]
[EventType "team-tourn"]
[EventCountry "CRO"]
[SourceTitle "playchess.com"]
[Source "ChessBase"]
[SourceQuality "1"]
[TimeControl "40/5400+30:1800+30"]

1. e4 c5 2. Nf3 g6 3. d3 Bg7 4. g3 Nc6 5. Bg2 e6 6. O-O Nge7 7. Re1 O-O 8. c3 d5 9. Nbd2 b6 10. exd5 Nxd5 11. Nc4 Bb7 12. Qb3 Qc7 13. a4 a6 14. Ng5 h6 15. Ne4 Rab8 16. Qa3 Rfd8 17. Ne3 Nxe3 $19 18. Rxe3 Ne5 19. a5 Nxd3 20. axb6 Qxb6 *

[Event "27th CRO-chT 1B-Men 2018"]
[Site "Biograd"]
[Date "2018.09.15"]
[Round "1.22"]
[White "Doric, Nenad"]
[Black "Stocko, Josip"]
[Result "1/2-1/2"]
[ECO "E46"]
[WhiteElo "2249"]
[BlackElo "2322"]
[Annotator "NA"]
[PlyCount "37"]
[EventDate "2018.09.15"]
[EventType "team-tourn"]
[EventCountry "CRO"]
[SourceTitle "playchess.com"]
[Source "ChessBase"]
[SourceQuality "1"]
[TimeControl "40/5400+30:1800+30"]

1. d4 Nf6 2. c4 e6 3. Nc3 Bb4 4. e3 O-O 5. Nge2 d5 6. a3 Be7 7. cxd5 exd5 8. Nf4 c6 9. Bd3 a5 10. O-O Na6 11. f3 Nc7 12. Bc2 c5 13. dxc5 Bxc5 14. Kh1 d4 15. exd4 Bxd4 16. Nfe2 Be5 17. Bf4 Qe7 18. Bxe5 Qxe5 19. Qd4 1/2-1/2

[Event "27th CRO-chT 1B-Men 2018"]
[Site "Biograd"]
[Date "2018.09.15"]
[Round "1.23"]
[White "Pucovski, Miroslav"]
[Black "Tomulic, Teo"]
[Result "*"]
[ECO "B22"]
[WhiteElo "2241"]
[BlackElo "2264"]
[Annotator "NA"]
[PlyCount "37"]
[EventDate "2018.09.15"]
[EventType "team-tourn"]
[EventCountry "CRO"]
[SourceTitle "playchess.com"]
[Source "ChessBase"]
[SourceQuality "1"]
[TimeControl "40/5400+30:1800+30"]

1. e4 c5 2. c3 d5 3. exd5 Qxd5 4. d4 Nc6 5. Nf3 Bg4 6. Be2 e6 7. c4 Qd6 8. d5 exd5 9. cxd5 Bxf3 10. Bxf3 Nd4 11. Be3 Qe5 12. O-O Bd6 13. g3 Nxf3+ 14. Qxf3 Ne7 15. Nc3 O-O 16. Rfe1 Qf5 17. Qg2 b6 18. Ne4 {[%emt 0:20:03] k} Be5 {[%emt 0:02:30] 7} 19. f4 {[%emt 0:00:08] k [%clk 0:17:49]} *

[Event "27th CRO-chT 1B-Men 2018"]
[Site "Biograd"]
[Date "2018.09.15"]
[Round "1.24"]
[White "Safar, Sandro"]
[Black "Bubalovic, Davorin"]
[Result "*"]
[ECO "D02"]
[WhiteElo "2214"]
[BlackElo "2206"]
[Annotator "NA"]
[PlyCount "46"]
[EventDate "2018.09.15"]
[EventType "team-tourn"]
[EventCountry "CRO"]
[SourceTitle "playchess.com"]
[Source "ChessBase"]
[SourceQuality "1"]
[TimeControl "40/5400+30:1800+30"]

1. d4 Nf6 2. Nf3 e6 3. Bf4 d5 4. e3 c5 5. c3 Nc6 6. Nbd2 Be7 7. Bd3 Qb6 8. Qc2 Bd7 9. h3 Rc8 10. a3 a5 11. O-O Nh5 12. Bh2 g6 13. Rad1 f5 14. Ne5 Nf6 15. Nxc6 Bxc6 16. Be5 O-O 17. f4 Nd7 18. Nf3 Bb5 19. g4 Bxd3 20. Qxd3 cxd4 21. cxd4 Qxb2 22. Rb1 Qxa3 23. Rb3 Qa2 *

[Event "27th CRO-chT 1B-Men 2018"]
[Site "Biograd"]
[Date "2018.09.15"]
[Round "1.30"]
[White "Jusic, Zdenko"]
[Black "Brulic, Denis"]
[Result "*"]
[ECO "B27"]
[WhiteElo "2261"]
[BlackElo "2232"]
[Annotator "NA"]
[PlyCount "49"]
[EventDate "2018.09.15"]
[EventType "team-tourn"]
[EventCountry "CRO"]
[SourceTitle "playchess.com"]
[Source "ChessBase"]
[SourceQuality "1"]
[TimeControl "40/5400+30:1800+30"]

1. e4 c5 2. Nf3 g6 3. c3 Bg7 4. d4 cxd4 5. cxd4 d5 6. e5 Nc6 7. h3 e6 8. Nc3 Nge7 9. g4 f6 10. exf6 Bxf6 11. Be3 O-O 12. Bg2 Qd6 13. O-O Bd7 14. Qd2 Bg7 15. Rfe1 Kh8 16. Bh6 Rf7 17. Bxg7+ Kxg7 18. Re3 Raf8 19. Ne2 {[%emt 0:05:30] ]} h6 {[%emt 0:02:30] ]} 20. Ng3 {[%emt 0:03:30] ]} Rf4 {[%emt 0:06:30] ]} 21. a3 {[%emt 0:02:30] ]} Qc7 {[%emt 0:03:30] ]} 22. b4 {[%emt 0:02:30] ]} Qb6 {[%emt 0:01:30] ]} 23. Ne2 Nc8 {[%emt 0:07:30] c} 24. Rc1 {[%emt 0:03:35] k} R4f6 {[%emt 0:00:30] 5} 25. Rc5 *

[Event "27th CRO-chT 1B-Men 2018"]
[Site "Biograd"]
[Date "2018.09.16"]
[Round "2.3"]
[White "Krstic, Uros"]
[Black "Bilobrk, Franjo"]
[Result "1-0"]
[ECO "C07"]
[WhiteElo "2364"]
[BlackElo "2360"]
[Annotator "NA"]
[PlyCount "59"]
[EventDate "2018.09.15"]
[EventType "team-tourn"]
[EventCountry "CRO"]
[SourceTitle "playchess.com"]
[Source "ChessBase"]
[SourceQuality "1"]
[TimeControl "40/5400+30:1800+30"]

1. e4 e6 2. d4 d5 3. Nd2 c5 4. exd5 Qxd5 5. Ngf3 cxd4 6. Bc4 Qd6 7. O-O Nf6 8. Nb3 Nc6 9. Nbxd4 Nxd4 10. Nxd4 Be7 11. b3 a6 {[%emt 0:04:30] LiveBook: 18 Partien} 12. a4 {[%emt 0:00:30] C07: French Tarrasch: 3...c5, 4 Ngf3 and 4 exd5 Qxd5} (12. Bb2 O-O 13. Qf3 Bd7 14. Rfe1 b5 15. Bd3 Rfe8 16. Rad1 Qc5 17. Qg3 Bd6 18. Qh4 e5 19. Nf5 Bxf5 20. Bxf5 {½-½ (50) Priyadharshan,K (2554)-Holt,C (2592) Berkeley 2018}) 12... Qc7 13. Qf3 O-O 14. Bb2 Bd7 15. Rad1 Rab8 $146 ({Predecessor:} 15... Rac8 16. Rfe1 Bc6 17. Nxc6 Qxc6 18. Qh3 Rfd8 19. Bd3 h6 {1-0 (45) Popovic,D (2471)-Wiesner,R (2378) playchess.com INT 2005}) 16. Qe2 Bc6 $2 {[%emt 0:08:30] [#]} (16... Bd6 $11 {und Schwarz ist OK.}) 17. Nf5 (17. Nxe6 $1 $18 {[%mdl 512] and the rest is easy.} fxe6 18. Be5) 17... b5 (17... exf5 $16 {was worth a try.} 18. Be5 Qb6 19. Bxb8 Ne4) 18. Be5 Qb7 19. Nxe7+ Qxe7 20. Bxb8 Rxb8 21. axb5 axb5 {[%emt 0:00:30] [#]} 22. Bd3 $1 Qb7 23. f3 Nd5 24. Qf2 f5 (24... Qe7 {is a better defense.} 25. Be4 Rc8) 25. Ra1 Qe7 26. Rfe1 g6 27. Qd4 $18 Qg5 28. Ra7 Rb7 29. Ra8+ Kf7 30. Qh8 1-0

[Event "27th CRO-chT 1B-Men 2018"]
[Site "Biograd"]
[Date "2018.09.16"]
[Round "2.12"]
[White "Brulic, Denis"]
[Black "Safar, Sandro"]
[Result "1-0"]
[ECO "B38"]
[WhiteElo "2232"]
[BlackElo "2214"]
[Annotator "NA"]
[PlyCount "73"]
[EventDate "2018.09.15"]
[EventType "team-tourn"]
[EventCountry "CRO"]
[SourceTitle "playchess.com"]
[Source "ChessBase"]
[SourceQuality "1"]
[TimeControl "40/5400+30:1800+30"]

1. e4 c5 2. Nf3 Nc6 3. d4 cxd4 4. Nxd4 g6 5. c4 Bg7 6. Be3 Nf6 7. Nc3 d6 8. Be2 O-O 9. O-O Bd7 10. h3 Nxd4 11. Bxd4 Bc6 12. Qc2 {[%emt 0:01:30] B38: Sicilian: Maroczy Bind with 5...Bg7 and 7...0-0} a5 13. Rad1 Nd7 14. Bxg7 Kxg7 15. Bg4 Ne5 16. c5 Qb8 $146 ({Predecessor:} 16... Nxg4 17. hxg4 Bd7 18. cxd6 Bxg4 19. dxe7 Qxe7 {1-0 (37) Grandelius,N (2655)-Thybo,J (2465) Vaxjo 2017}) 17. cxd6 exd6 18. Rd4 Rd8 19. Rfd1 b5 20. Nd5 Bxd5 21. Rxd5 Qb6 22. Be2 Rac8 23. Qb3 b4 24. a3 Rb8 25. axb4 Qxb4 (25... axb4 $16 26. g3 Qc7) 26. Qxb4 Rxb4 {[%emt 0:00:30] [#]} (26... axb4 $142 27. f4 (27. Rxd6 Rdc8 $16) 27... Nc6 28. Rxd6 Rbc8) 27. Rxe5 $1 Rxb2 28. Bf1 dxe5 29. Rxd8 Rb4 30. f3 Kf6 31. Rd6+ Kg5 32. Rd5 Ra4 33. Rxe5+ Kf4 34. Re7 $18 f6 35. Kf2 h5 36. h4 Ra2+ 37. Be2 1-0

[Event "27th CRO-chT 1B-Men 2018"]
[Site "Biograd"]
[Date "2018.09.16"]
[Round "2.16"]
[White "Stocko, Josip"]
[Black "Mathe, Gaspar"]
[Result "1-0"]
[ECO "C54"]
[WhiteElo "2322"]
[BlackElo "2308"]
[Annotator "NA"]
[PlyCount "77"]
[EventDate "2018.09.15"]
[EventType "team-tourn"]
[EventCountry "CRO"]
[SourceTitle "playchess.com"]
[Source "ChessBase"]
[SourceQuality "1"]
[TimeControl "40/5400+30:1800+30"]

1. e4 e5 2. Nf3 Nc6 3. Bc4 Bc5 4. c3 Qe7 5. O-O {[%emt 0:01:00] LiveBook: 116 Partien} d6 6. d3 Nf6 7. Bb3 O-O 8. h3 {[%emt 0:01:30] C54: Giuoco Piano: 4 c3 Nf6, main lines with 5 d4 and 5 d3} (8. Re1 Bb6 9. h3 Nd8 10. d4 c6 11. Nbd2 Kh8 12. a4 Bc7 13. Bc2 g6 14. b3 Ne6 15. Nc4 Rd8 {1-0 (43) Delchev,A (2637)-Tonkov,B (2323) Sunny Beach 2013}) 8... h6 9. Re1 Bb6 10. Nbd2 Na5 11. Bc2 c5 12. a3 $146 ({Predecessor:} 12. Nf1 Nc6 13. Ng3 Be6 14. Nh4 Qd7 15. Qf3 Nh7 {1-0 (92) Vaibhav,S (2013)-Joglekar,A Mumbai 2008}) 12... Bc7 13. Nf1 Nc6 14. Ne3 Be6 15. d4 cxd4 16. cxd4 Bd7 17. Nd5 Nxd5 18. exd5 Nd8 19. dxe5 dxe5 {[%emt 0:02:00] [#]} 20. Bf4 $1 f6 {[%emt 0:02:30] [#]} 21. Nh4 $1 Re8 22. Bg6 (22. Qh5 $18) 22... Rf8 $2 (22... Nf7 $16 23. Bd2 Rec8) 23. Qc2 Be8 24. Rac1 Bd6 25. Re3 (25. Bxh6 $142 gxh6 26. Nf5) 25... Qd7 {[%emt 0:07:30] [#]} 26. Bxh6 $1 Bxg6 27. Qxg6 Rf7 28. Nf5 Bf8 29. Rg3 b5 30. h4 Nb7 31. Bxg7 Rxg7 32. Nxg7 Bxg7 33. h5 Nd6 34. h6 Nf5 $18 35. Rh3 Nd4 36. hxg7 Ne2+ 37. Kf1 Qxh3 38. gxh3 Nxc1 39. Qh6 1-0

[Event "27th CRO-chT 1B-Men 2018"]
[Site "Biograd"]
[Date "2018.09.16"]
[Round "2.21"]
[White "Dabo-Peranic, Robert"]
[Black "Matkovic, Tonci"]
[Result "1/2-1/2"]
[ECO "E17"]
[WhiteElo "2284"]
[BlackElo "2274"]
[Annotator "ChessBase"]
[PlyCount "63"]
[EventDate "2018.09.15"]
[EventType "team-tourn"]
[EventCountry "CRO"]
[SourceTitle "playchess.com"]
[Source "ChessBase"]
[SourceQuality "1"]
[TimeControl "40/5400+30:1800+30"]

1. d4 d5 2. c4 e6 3. Nf3 Nf6 4. g3 Be7 5. Bg2 Nbd7 6. O-O O-O 7. b3 c5 8. e3 b6 9. Bb2 Bb7 10. Nbd2 Rc8 11. Rc1 Re8 12. Re1 Bf8 13. Qc2 h6 14. Qb1 cxd4 15. exd4 Ba8 16. Qa1 Rc7 17. Rc2 Qe7 18. Rec1 Rec8 19. Qb1 Qd8 20. Bf1 Bb4 21. Bc3 Be7 22. a4 Ba3 23. Bb2 Bb4 24. Bc3 Ba3 25. Re1 Be7 26. Qa1 Qf8 27. a5 Bb4 28. axb6 axb6 29. Bxb4 Qxb4 30. Ra2 Bc6 31. Bd3 Ne4 32. Bxe4 1/2-1/2

[Event "27th CRO-chT 1B-Men 2018"]
[Site "Biograd"]
[Date "2018.09.16"]
[Round "2.22"]
[White "Vlaic, Branko"]
[Black "Martic, Zlatko"]
[Result "1/2-1/2"]
[ECO "A43"]
[WhiteElo "2246"]
[BlackElo "2244"]
[Annotator "ChessBase"]
[PlyCount "56"]
[EventDate "2018.09.15"]
[EventType "team-tourn"]
[EventCountry "CRO"]
[SourceTitle "playchess.com"]
[Source "ChessBase"]
[SourceQuality "1"]
[TimeControl "40/5400+30:1800+30"]

1. d4 Nf6 2. Nf3 c5 3. d5 g6 4. Nc3 Bg7 5. e4 O-O 6. e5 Ng4 7. Bf4 d6 8. exd6 exd6 9. Be2 Re8 10. O-O a6 11. a4 Ne5 12. h3 Nbd7 13. Qd2 b6 14. Rfe1 Nxf3+ 15. Bxf3 Ne5 16. Be2 f5 17. Bg5 Qc7 18. Bf1 Bd7 19. f4 Nf7 20. Rxe8+ Rxe8 21. Bh4 Qb7 22. Qd3 b5 23. axb5 axb5 24. Nxb5 Bxb2 25. Rb1 Bg7 26. c4 Qb6 27. Bf2 Qa5 28. Be2 Qa2 1/2-1/2